AoeStats
← Big Rizzo

Arena

507224447Analyzed
1v1 RM · 16d ago on Sep 17, 2026· 47m 2s· 2 players
Game mode
Random Map
Map size
Tiny (2 player)
Population
200
Speed
Normal
Resources
Standard
Victory
Conquest
Starting age
Dark Age
Ending age
Imperial Age
RankedLock teamsTeams togetherTeam positionsShared explorationLock speedFull tech treeHidden civsTurbo modeCheats
Victory
Defeat
🇪🇸 Bohemians · Spain
16
+20
🇺🇸 Japanese · United States
101
-20
popcorn6856
11:41 Feudal Age
13:30 Double-Bit Axe
14:09 Horse Collar
16:05 Wheelbarrow
21:40 Castle Age
24:06 Hand Cart
25:02 Chemistry
24:19 Fortified Wall
25:18 Heavy Plow
25:32 Bow Saw
30:10 Imperial Age
33:33 Bombard Tower
33:08 Guard Tower
35:01 Houfnice
37:07 Two-Man Saw
42:47 Elite Hussite Wagon
Big Rizzo
3:35 Loom
12:13 Feudal Age
12:27 Man-at-Arms
14:39 Bloodlines
14:36 Town Watch
14:56 Double-Bit Axe
18:04 Arson
18:35 Gold Mining
18:40 Stone Mining
23:14 Castle Age
21:45 Padded Archer Armor
23:18 Scale Mail Armor
23:10 Fletching
24:23 Forging
24:47 Bow Saw
24:21 Horse Collar
24:36 Elite Skirmisher
24:40 Light Cavalry
25:10 Gambesons
27:12 Wheelbarrow
27:10 Scale Barding Armor
29:29 Town Patrol
30:00 Leather Archer Armor
30:59 Heavy Plow
30:28 Crossbowman
31:06 Long Swordsman
37:00 Imperial Age
34:59 Husbandry
35:02 Squires
35:05 Pikeman
36:25 Ballistics
36:57 Gold Shaft Mining
38:23 Hoardings
38:32 Parthian Tactics
39:05 Hand Cart
38:32 Two-Handed Swordsman
39:36 Arbalester
40:36 Murder Holes
40:33 Guard Tower
42:48 Ring Archer Armor
42:35 Chain Mail Armor
42:17 Bodkin Arrow
43:50 Thumb Ring
43:25 Champion
44:39 Cavalier
Connection lost

Rejoining the realm…

Still unreachable

The connection could not be restored.

Session expired

The server has moved on; the page needs a fresh start.